 Dungeon Crawl Stone Soup version 0.19.1-1-g22dce08 (webtiles) character file.

838 Alarkh the Cleaver (level 7, -3/52 HPs)
             Began as a Demonspawn Monk on Jan 4, 2017.
             Slain by a slave (9 damage)
             ... led by Pikel
             ... on level 4 of the Dungeon.
             The game lasted 00:05:05 (3553 turns).

Alarkh the Cleaver (Demonspawn Monk)                Turns: 3553, Time: 00:05:05

Health: -3/52      AC: 11    Str: 11    XL:     7   Next: 67%
Magic:  7/7        EV: 13    Int: 14    God:
Gold:   244        SH:  0    Dex: 15    Spells: 0 memorised, 6 levels left

rFire  . . .     SeeInvis .     a - +0 hand axe
rCold  . . .     Gourm    .     g - +0 robe
rNeg   + . .     Faith    .     (no shield)
rPois  .         Spirit   .     l - +1 helmet
rElec  .         Reflect  .     t - +2 cloak
rCorr  .         Harm     .     r - +0 pair of gloves
MR     .....                    (no boots)
Stlth  ++........               (no amulet)
                                m - ring of positive energy
                                j - ring of flight

@: no status effects
A: slimy green scales 2, powered by death 2, powered by pain 1
a: Evoke Flight


You were on level 4 of the Dungeon.
You were not hungry.

You visited 1 branch of the dungeon, and saw 5 of its levels.

You collected 244 gold pieces.

Inventory:

Hand Weapons
 a - a +0 hand axe (weapon)
Armour
 g - a +0 robe (worn)
 l - a +1 helmet (worn)
 r - a +0 pair of gloves (worn)
 t - a +2 cloak (worn)
Rods
 b - a +0 rod of shadows (13/13)
   (You found it on level 4 of the Dungeon)
Jewellery
 j - a ring of flight (left hand)
 m - a ring of positive energy (right hand)
Wands
 q - a wand of flame (31/48)
Scrolls
 d - a scroll of teleportation
 e - 2 scrolls of identify
 i - 2 scrolls of remove curse
 k - 3 scrolls of amnesia {unknown}
 p - a scroll of random uselessness {unknown}
 s - a scroll of noise {unknown}
 u - a scroll of recharging {unknown}
Comestibles
 c - 3 bread rations
 f - 5 meat rations
 h - 6 fruits
 n - 2 slices of pizza
 o - 13 chunks of flesh
 v - a beef jerky


   Skills:
 - Level 3.0 Fighting
 + Level 8.4 Axes
 - Level 2.6 Dodging
 - Level 1.7 Stealth


You had 6 spell levels left.
You didn't know any spells.

Dungeon Overview and Level Annotations

Branches:
Dungeon (5/15)
 Temple: D:4-7

Altars:
Sif Muna

Shops:
D:5 (

Annotations:
D:5 Pikel


Innate Abilities, Weirdness & Mutations

You are mostly covered in slimy green scales. (AC +3)
You regenerate health from kills.
You sometimes gain a little power by taking damage.


Message History

* * * LOW HITPOINT WARNING * * *
You closely miss the slave.
The slave is lightly wounded.
The slave closely misses you.
You hit the slave but do no damage.
The slave is lightly wounded.
You closely miss the slave.
The slave is lightly wounded.
The slave hits you but does no damage.
You hit the slave.
The slave is moderately wounded.
The slave hits you.
* * * LOW HITPOINT WARNING * * *
You hit the slave but do no damage.
The slave is moderately wounded.
The slave hits you but does no damage.
You hit the slave.
The slave is heavily wounded.
The slave hits you!
You die...

##############
#..........p@#
#.##########.# #.#
#.# #####.# #.#
......# #.#
################.#
#...........#.#
#.#########.#.#
#.# #.#.#


You could see a slave.

Vanquished Creatures
  Sigmund (D:4)
  2 ogres
  The ghost of Alarkh the Chopper, a weakling DsMo (D:3)
  2 hounds (D:4)
  An orc priest (D:3)
  3 orc wizards
  Ijyb (D:3)
  Terence (D:3)
  An iguana (D:5)
  A hound skeleton (D:4)
  Robin (D:3)
  8 adders
  An ooze (D:1)
  2 worms
  2 leopard geckos (D:3)
  20 orcs
  8 bats
  3 giant cockroaches
  15 goblins
  6 hobgoblins
  4 jackals (D:5)
  6 kobolds
  5 quokkas
  5 frilled lizards
  8 rats
108 creatures vanquished.

Notes
Turn   | Place    | Note
-------+----------+-------------------------------------------
     0 | D:1      | Alarkh the Demonspawn Monk began the quest for the Orb.
     0 | D:1      | Reached XP level 1. HP: 18/18 MP: 1/1
    91 | D:1      | Reached skill level 3 in Axes
   161 | D:1      | Gained mutation: You regenerate a little health from kills. [demonic ancestry]
   161 | D:1      | Reached XP level 2. HP: 24/24 MP: 2/2
   737 | D:2      | Gained mutation: You are partially covered in slimy green scales. (AC +2) [demonic ancestry]
   737 | D:2      | Reached XP level 3. HP: 23/29 MP: 3/3
   822 | D:2      | Found a deep blue altar of Sif Muna.
   895 | D:2      | Reached skill level 4 in Axes
  1546 | D:2      | Gained mutation: You regenerate health from kills. [demonic ancestry]
  1546 | D:2      | Reached XP level 4. HP: 25/35 MP: 4/4
  1806 | D:3      | Reached skill level 5 in Axes
  1837 | D:3      | Noticed Alarkh's ghost (weakling DsMo)
  1846 | D:3      | Noticed Robin
  1875 | D:3      | Killed Alarkh's ghost
  1875 | D:3      | Reached XP level 5. HP: 32/41 MP: 5/5
  1890 | D:3      | Killed Robin
  2004 | D:3      | Noticed Ijyb
  2021 | D:3      | Killed Ijyb
  2164 | D:3      | Reached skill level 6 in Axes
  2343 | D:3      | Noticed Terence
  2365 | D:3      | Killed Terence
  2365 | D:3      | Gained mutation: You are mostly covered in slimy green scales. (AC +3) [demonic ancestry]
  2365 | D:3      | Reached XP level 6. HP: 34/47 MP: 6/6
  2801 | D:4      | Reached skill level 7 in Axes
  2974 | D:4      | Noticed Sigmund
  2995 | D:4      | Killed Sigmund
  2995 | D:4      | Gained mutation: You sometimes gain a little power by taking damage. [demonic ancestry]
  2995 | D:4      | Reached XP level 7. HP: 33/52 MP: 7/7
  3301 | D:5      | Entered Level 5 of the Dungeon
  3312 | D:5      | Reached skill level 8 in Axes
  3407 | D:5      | Identified a +0 rod of shadows (13/13) (You found it on level 4 of the Dungeon)
  3431 | D:5      | Found Xoxt's Weapon Emporium.
  3471 | D:5      | Noticed Pikel
  3553 | D:4      | Slain by a slave

Skill      XL: |  1  2  3  4  5  6  7 |
---------------+----------------------+-----
Axes           | 3 4 5 6 7 8 |  8.4
Fighting       | |  3.0
Dodging        | |  2.6
Stealth        | |  1.7

Action                   |  1- 3 |  4- 6 |  7- 9 || total
-------------------------+-------+-------+-------++-------
Melee: Hand axe          |   110 |   331 |    87 ||   528
  Use: Potion            |     1 |     4 |       ||     5
       Scroll            |       |     2 |     2 ||     4
 Stab: Sleeping          |     8 |     3 |     1 ||    12
  Eat: Chunk             |     2 |     6 |     2 ||    10
Armor: Robe              |    22 |   111 |    34 ||   167
       Skin              |     2 |    14 |       ||    16
Dodge: Dodged            |    80 |   249 |    58 ||   387
